 Dungeon Crawl Stone Soup version 0.28-a0-1613-gdaab1c2f9b (webtiles) character file.

Game seed: 3647310798526817047

59 oldriver the Vandal (level 4, 0/28 HPs)
             Began as a Kobold Hunter on Jan 21, 2022.
             Slain by an orc wizard (4 damage)
             ... on level 3 of the Dungeon.
             The game lasted 00:02:37 (3224 turns).

oldriver the Vandal (Kobold Hunter)                 Turns: 3224, Time: 00:02:38

Health: 0/28       AC:  6    Str:  9    XL:     4   Next: 22%
Magic:  4/4        EV: 14    Int: 12    God:
Gold:   156        SH:  0    Dex: 17    Spells: 3/3 levels left

rFire   . . .      SeeInvis .   b - +0 short sword
rCold   . . .      Faith    .   (no shield)
rNeg    . . .      Spirit   .   c - +0 leather armour
rPois   .          Reflect  .   (no helmet)
rElec   .          Harm     .   (no cloak)
rCorr   .          Rampage  .   (no gloves)
Will    .....                   m - +2 pair of boots
Stlth   +++.......              (no amulet)
HPRegen 0.09/turn               (no ring)
MPRegen 0.09/turn               (no ring)

@: no status effects
A: small, no large weapons, nightstalker 3
a: no special abilities


You were on level 3 of the Dungeon.
You visited 1 branch of the dungeon, and saw 4 of its levels.

You collected 156 gold pieces.

Inventory:

Hand Weapons
 a - a +1 hunting sling
 b - a +0 short sword (weapon)
Missiles
 d - 19 sling bullets
 f - 14 stones
Armour
 c - a +0 leather armour (worn)
 m - a +2 pair of boots (worn)
Wands
 i - a wand of charming (12)
Scrolls
 g - a scroll of brand weapon {unknown}
 h - a scroll of identify {unknown}
 l - a scroll of fog {unknown}
 n - a scroll of enchant armour {unknown}
 o - a scroll of noise {unknown}
Potions
 e - a potion of berserk rage {unknown}
 j - a potion of curing {unknown}
 k - a potion of heal wounds {unknown}
 p - a potion of lignification {unknown}


   Skills:
 + Level 3.5 Fighting
 - Level 4.0 Slings
 - Level 2.4 Dodging
 + Level 3.9 Stealth


You had 3 spell levels left.
You didn't know any spells.
Your spell library contained the following spells:

 Spells                   Type           Power      Damage    Failure   Level
 Magic Dart               Conj           0%         1d3       43%         1
 Searing Ray              Conj           0%         2d4       56%         2
 Fulminant Prism          Conj/Hex       0%         3d6       99%         4


Dungeon Overview and Level Annotations

Branches:
Dungeon (4/15)
 Temple: D:4-7

Altars:


Innate Abilities, Weirdness & Mutations

You are small and have problems with some larger weapons.
You are completely attuned to the shadows.


Message History

Unknown command.
b - a +0 short sword (weapon)
You hit the orc but do no damage. The orc barely misses you.
You hear some strange, mumbled words.
A puff of flame appears from out of thin air!
The puff of flame hits you.
You closely miss the orc. The orc barely misses you.
Something hits you but does no damage.
Unknown command.
You hit the orc but do no damage. The orc hits you with a +0 hand axe.
Something hits you but does no damage.
You bump into the rock wall.
The orc barely misses you. Something hits you but does no damage.
You're too confused to move!
You feel less confused. The orc completely misses you.
Something hits you but does no damage.
You barely miss something. The orc hits you with a +0 hand axe.
Something hits you.
You hit something but do no damage. The orc misses you.
Something hits you but does no damage. The orc hits you with a +0 hand axe.
Something hits you.
You barely miss something. Your punch misses something.
The orc hits you with a +0 hand axe. Something hits you but does no damage.
You hit something. The orc hits you with a +0 hand axe.
* * * LOW HITPOINT WARNING * * *
Something completely misses you.
You hit something. The orc closely misses you. Something hits you.
* * * LOW HITPOINT WARNING * * *
You barely miss something. The orc closely misses you.
Something barely misses you.
You hit the orc.
The orc is heavily wounded.
The orc barely misses you. Something hits you.
* * * LOW HITPOINT WARNING * * *
You hit the orc but do no damage.
The orc is heavily wounded.
The orc hits you with a +0 hand axe.
* * * LOW HITPOINT WARNING * * *
Something hits you.
You die...

....................+.....#......
........###########.#.....#.#####
..............#..................
#'###+#######.#.#........##.#####
#.# #.# #.#.#.#......+..# #.# #.#
#.#.#.#......#### #.###.#
#.#.#........# ......#
#.#{###.##'###
#.###########.#.@o.(##.#
#.#...........########.#
#.#.########...........#
#.#.########.###########
#.#...................#
#.##########.######...# ..#
#.######.### #.# #........# #.#
#.########


You could see an orc.

Vanquished Creatures
  An adder (D:3)
  3 worms (D:2)
  A dart slug (D:2)
  An endoplasm (D:3)
  2 giant cockroaches (D:1)
  4 goblins
  4 hobgoblins
  2 jackals (D:1)
  5 kobolds
  7 ball pythons
  5 bats
  2 frilled lizards
  3 rats
40 creatures vanquished.

Notes
Turn   | Place    | Note
-------+----------+-------------------------------------------
     0 | D:1      | oldriver the Kobold Hunter began the quest for the Orb.
     0 | D:1      | Reached XP level 1. HP: 12/12 MP: 1/1
   659 | D:1      | Reached XP level 2. HP: 18/18 MP: 2/2
  1183 | D:2      | Found a faded altar of an unknown god.
  1226 | D:2      | Reached XP level 3. HP: 14/23 MP: 3/3
  2901 | D:3      | Reached XP level 4. HP: 28/28 MP: 4/4
  3224 | D:3      | Slain by an orc wizard

Illustrated notes

Levels and vault maps discovered:
D:1:      heliophobic_arrival_enchanted_forest, layout_basic
D:2:      layout_rooms, ebering_ecumenical_altar_mist
D:3:      layout_basic
D:4:      layout_rooms, mainiacjoe_overflow_small_starburst,
          minmay_temple_entry_glass, serial_shops, nicolae_shop_hallway_plus,
          minmay_a_box_with_orc_wizards_in_it, uniq_crazy_yiuf_cottage

Skill      XL: |  1  2 |
---------------+-------+-----
Stealth        | 2 3 |  3.9
Fighting       | 3 |  3.5
Slings         | |  4.0
Dodging        | |  2.4

Action                   |  1- 3 |  4- 6 || total
-------------------------+-------+-------++-------
Melee: Short sword       |     6 |    11 ||    17
 Fire: Hunting sling     |   128 |    10 ||   138
 Stab: Sleeping          |     1 |       ||     1
Armor: Leather armour    |    11 |    11 ||    22
Dodge: Dodged            |    25 |    17 ||    42

Table legend: (Time is in decaauts)
 A = Elapsed time spent in this place.
 B = Non-inter-level travel time spent in this place.
 C = Inter-level travel time spent in this place.
 D = Time resting spent in this place.
 E = Time spent auto-exploring this place.
 F = Levels seen in this place.
 G = Mean time per level.
                   A        B        C        D        E       F      G
               +--------+--------+--------+--------+--------+-----+--------+
         Total |   3222 |   3121 |    101 |    254 |   2492 |   4 |  805.5 |
       Dungeon |   3222 |   3121 |    101 |    254 |   2492 |   4 |  805.5 |
               +--------+--------+--------+--------+--------+-----+--------+

Top non-repeatable levels by time:
     D:1: 1130 daAuts
     D:2: 1047 daAuts
     D:3: 1042 daAuts
     D:4: 1 daAuts
